 Dungeon Sprint DCSS version 0.27.1 (webtiles) character file.

Game seed: 14195479756934976494

18467 styxcanada the Ninja (level 12, -2/65 HPs)
             Began as a Spriggan Brigand on Aug 28, 2021.
             Was an Initiate of Gozag.
             Slain by a spriggan defender (29 damage)
             ... in the Dungeon (Sprint IV: "Fedhas' Mad Dash") on Aug 29, 2021.
             The game lasted 00:22:12 (1785 turns).

styxcanada the Ninja (Spriggan Brigand)             Turns: 1785, Time: 00:22:13

Health: -2/65      AC: 18    Str:  7    XL:     12   Next: 28%
Magic:  0/30       EV: 27    Int: 13    God:    Gozag
Gold:   1172       SH:  8    Dex: 21    Spells: 21/27 levels left

rFire    . . .     SeeInvis +   j - +6 dagger (venom)
rCold    . . .     Faith    .   b - +0 buckler {AC+3}
rNeg     . . .     Spirit   +   D - +4 moon troll leather armour {Spirit, Regen++ MP+5}
rPois    .         Reflect  .   C - +1 hat
rElec    .         Harm     .   E - +1 cloak {Stlth+}
rCorr    .         Rampage  .   (gloves unavailable)
Will     ++...     NoTele   +   (boots unavailable) Stlth *+++++++++
                                l - amulet of invisibility {+Inv}
HPRegen  2.20/turn              B - +4 ring of protection
MPRegen  0.22/turn              (no ring)

@: very slightly contaminated, invisible, very quick
A: very small, no large weapons, unfitting armour, see invisible, speed 3
a: Renounce Religion, Evoke Invisibility, Potion Petition, Call Merchant, Bribe
Branch


You were in the Dungeon.
You worshipped Gozag.
Gozag was most pleased with you.
You visited 1 branch You collected 4715 gold pieces.
You spent 3543 gold pieces at shops.

Inventory:

Hand Weapons
 a - a +2 dagger
 j - a +6 dagger of venom (weapon)
 t - the +2 broad axe of the Shimmering Eel {holy, rPois Int+4}
   (You found it in the Dungeon)

   It has been blessed by the Shining One to cause great damage to the undead
   and demons.
   Int:       It affects your intelligence (+4).
   rPois:     It protects you from poison.
 v - a +3 rapier of holy wrath
 x - a +2 short sword of venom
Missiles
 d - 37 poisoned darts
 e - 2 curare-tipped darts
 n - 8 atropa-tipped darts (quivered)
 s - 24 stones
Armour
 b - a +0 buckler of protection (worn)
 m - a +2 robe of willpower
 A - a scarf of repulsion
 C - a +1 hat (worn)
 D - the +4 moon troll leather armour (worn) {Spirit, Regen++ MP+5}
   (You bought it in a shop in the Dungeon)

   MP:        It affects your magic capacity (+5).
   Regen:     It increases your rate of health regeneration.
 E - a +1 cloak of stealth (worn)
Jewellery
 l - the amulet of invisibility (around neck) {+Inv}
   (You found it in the Dungeon)

   [amulet of nothing]

   +Inv:      It lets you turn invisible.
 B - a +4 ring of protection (left hand)
 F - the amulet of Violy {Reflect rN+ Will++ SH+5}
   (You found it in the Dungeon)

   [amulet of reflection]

   It reflects blocked missile attacks.
   rN:        It protects you from negative energy.
   SH:        It affects your SH (+5).
   Will:      It greatly increases your willpower.
Wands
 o - a wand of iceblast (1)
 r - a wand of flame (11)
Scrolls
 k - a scroll of blinking
 u - a scroll of immolation
Potions
 f - a potion of curing
 g - 2 potions of heal wounds
 h - a potion of haste
 i - 2 potions of magic
 p - 3 potions of brilliance
 q - a potion of flight {unknown}
 w - 2 potions of invisibility {unknown}
 z - a potion of might
Miscellaneous
 c - a condenser vane
 y - a box of beasts


   Skills:
 + Level 8.2 Fighting
 + Level 8.2 Short Blades
 + Level 4.0 Throwing
 * Level 3.4 Armour
 * Level 13.2 Dodging
 O Level 27 Stealth
 * Level 6.8 Shields
 * Level 8.0 Spellcasting
 * Level 6.1 Necromancy
 * Level 16.7 Evocations


You had 21 spell levels left.
You knew the following spells:

 Your Spells              Type           Power      Damage    Failure   Level
a - Pain                  Necr           84%        1d8       1%          1
b - Agony                 Necr           21%        N/A       43%         5

Your spell library contained the following spells:

 Spells                   Type           Power      Damage    Failure   Level
 Animate Dead             Necr           10%        N/A       17%         4
 Excruciating Wounds      Necr           10%        N/A       43%         5
 Borgnjor's Vile Clutch   Necr/Erth      6%         N/A       86%         5
 Death Channel            Necr           10%        N/A       95%         6


Dungeon Overview and Level Annotations

Branches:
Dungeon (1/1)

Altars:
Cheibriados
Dithmenos
Elyvilon
Gozag
Hepliaklqana
Kikubaaqudgha
Makhleb
Nemelex Xobeh
Okawaru
Qazlal
Ru
Sif Muna
Trog
Uskayaw
Vehumet
Wu Jian
Xom
Yredelemnul
Zin
The Shining One
Beogh
Jiyva
Lugonu

Shops:
D =(((:([[[[(*[[(![*[*(


Innate Abilities, Weirdness & Mutations

You are very small and have problems with some larger weapons.
You are too small for most types of armour.
You have supernaturally acute eyesight. (SInv)
You cover ground extremely quickly. (Speed+++)


Message History

Okay, then.
You open the door.
There is an open door here.
You fade into invisibility!
You are very lightly contaminated with residual magic. 2 spriggan defenders come into view.
A spriggan defender is wielding a +2 rapier of venom.
A spriggan defender is wielding a +1 demon whip of electrocution.
A spriggan druid comes into view. It is wielding a +0 quarterstaff.
The spriggan defender shouts!
The spriggan druid shouts!
You block the spriggan defender's attack.
The spriggan defender blocks your attack.
You barely miss the spriggan defender. The spriggan defender misses you.
You hit the spriggan defender but do no damage.
The spriggan defender is poisoned.
The spriggan defender barely misses you.
The spriggan druid gestures wildly while chanting.
The forest starts to sway and rumble!
The trees move their gnarly branches around.
You are hit by a branch!
A root smacks you from below.
The spriggan defender blocks your attack.
The spriggan defender is lightly wounded.
The spriggan defender hits you with a +1 demon whip of electrocution!!
A root smacks you from below!
You hit the spriggan druid.
The spriggan druid is lightly wounded.
The spriggan druid hits you but does no damage.
The spriggan defender hits you with a +1 demon whip of electrocution.
You puncture the spriggan defender!
The spriggan defender looks as sick as possible!
The spriggan defender is lightly wounded.
The spriggan defender hits you with a +1 demon whip of electrocution!!
* * * LOW HITPOINT WARNING * * *
You are electrocuted!
* * * LOW HITPOINT WARNING * * *
You feel much better. Tree limbs sway around you.
The spriggan defender hits you with a +1 demon whip of electrocution!!
You die...
Your body crumbles into a pile of gold.

###########
####### #.....###
...P.)'.#
......###
##########
.........#########
.........'.......#
.........#######@#
################i#
,,♣..♣..♣..♣.i♣i.#
,,..........i....#
,,♣..♣..♣..♣..♣..#
*****##*##########
,******,,,,,,****
,,,,,,,,,,,,,,,,**
,,,,,,,*******,,,*


You could see 2 spriggan defenders.

Vanquished Creatures
  Agnes (D)
  A spriggan defender (D)
  2 spriggan berserkers (D)
  A spriggan druid (D)
  23 oklob plants (D)
  3 demonic crawlers (D)
  A queen bee (D)
  3 wandering mushrooms (D)
  3 burning bushes (D)
  6 hornets (D)
  4 scorpions (D)
  4 killer bees (D)
  5 oklob saplings (D)
  8 spriggans (D)
  A river rat (D)
  A rat (D)
  2 ballistomycete spores (D)
69 creatures vanquished.

Vanquished Creatures (collateral kills)
  A ghost moth (D)
1 creature vanquished.

Vanquished Creatures (others)
  A fungus (D)
1 creature vanquished.

Grand Total: 71 creatures vanquished

Notes
Turn   | Place    | Note
-------+----------+-------------------------------------------
     0 | D        | styxcanada the Spriggan Brigand began the quest for the
                  | Orb.
     0 | D        | Reached XP level 1. HP: 10/10 MP: 2/2
     9 | D        | Reached skill level 8 in Stealth
     9 | D        | Reached XP level 2. HP: 15/15 MP: 3/3
    26 | D        | Noticed an oklob sapling
    28 | D        | Killed an oklob sapling
    29 | D        | Reached skill level 10 in Stealth
    29 | D        | Reached XP level 3. HP: 18/18 MP: 4/4
    30 | D        | Noticed a scorpion
    30 | D        | Found the amulet of invisibility {+Inv}
    32 | D        | Killed a scorpion
    33 | D        | Reached skill level 12 in Stealth
    33 | D        | Reached XP level 4. HP: 23/23 MP: 5/5
    54 | D        | Found an opulent altar of Gozag.
    54 | D        | Found a hazy altar of Hepliaklqana.
    54 | D        | Found a burning altar of Makhleb.
    54 | D        | Found a sparkling altar of Nemelex Xobeh.
    54 | D        | Found a snail-covered altar of Cheibriados.
    54 | D        | Found a sacrificial altar of Ru.
    54 | D        | Found a shimmering blue altar of Sif Muna.
    54 | D        | Found a shimmering altar of Xom.
    54 | D        | Found a basalt altar of Yredelemnul.
    55 | D        | Found a viscous altar of Jiyva.
    55 | D        | Found a bloodstained altar of Trog.
    55 | D        | Found an ornate altar of the Wu Jian Council.
    56 | D        | Found an iron altar of Okawaru.
    56 | D        | Found a shadowy altar of Dithmenos.
    56 | D        | Found a glowing silver altar of Zin.
    57 | D        | Found an ancient bone altar of Kikubaaqudgha.
    57 | D        | Found a hide-covered altar of Uskayaw.
    58 | D        | Found a stormy altar of Qazlal.
    58 | D        | Found a white marble altar of Elyvilon.
    58 | D        | Found a glowing golden altar of the Shining One.
    59 | D        | Became a worshipper of Gozag Ym Sagoz the Greedy
    60 | D        | Found a corrupted altar of Lugonu.
    60 | D        | Found a radiant altar of Vehumet.
    68 | D        | Reached skill level 13 in Stealth
    68 | D        | Reached XP level 5. HP: 28/28 MP: 4/6
   109 | D        | Reached skill level 14 in Stealth
   116 | D        | Reached skill level 5 in Dodging
   117 | D        | Reached skill level 15 in Stealth
   119 | D        | Reached XP level 6. HP: 32/32 MP: 5/7
   133 | D        | Found Wiwaonu's Weapon Shop.
   133 | D        | Found Avvaip's Armour Emporium.
   139 | D        | Bought a +2 robe of willpower for 194 gold pieces
   140 | D        | Bought 8 atropa-tipped darts for 57 gold pieces
   169 | D        | Noticed a burning bush
   169 | D        | Noticed a wandering mushroom
   170 | D        | Noticed a wandering mushroom
   173 | D        | Killed a burning bush
   174 | D        | Reached skill level 17 in Stealth
   174 | D        | Killed a wandering mushroom
   175 | D        | Reached skill level 19 in Stealth
   175 | D        | Reached skill level 5 in Evocations
   175 | D        | Reached XP level 7. HP: 38/38 MP: 5/8
   175 | D        | Killed a wandering mushroom
   184 | D        | Reached skill level 20 in Stealth
   195 | D        | Found Lissazas's Antique Armour Emporium.
   195 | D        | Found Imogrub's Assorted Antiques.
   200 | D        | Bought a smoky purple potion for 20 gold pieces
   200 | D        | Bought an inky potion for 20 gold pieces
   200 | D        | Bought a crooked bone wand for 92 gold pieces
   200 | D        | Bought a smoky purple potion for 20 gold pieces
   200 | D        | Bought a scroll labelled NUILAZ KAEMNUT for 23 gold pieces
   200 | D        | Bought a scroll labelled EKKAET UCWIARO for 23 gold pieces
   200 | D        | Bought a scroll labelled YSUSUNLUPIO for 23 gold pieces
   200 | D        | Bought a scroll labelled UCIENN PAFRIWK for 23 gold pieces
   200 | D        | Bought a glowing emerald potion for 20 gold pieces
   202 | D        | Bought a buckler for 112 gold pieces
   252 | D        | Reached XP level 8. HP: 42/42 MP: 6/9
   258 | D        | Noticed a queen bee
   265 | D        | Killed a queen bee
   266 | D        | Reached skill level 5 in Fighting
   266 | D        | Reached skill level 1 in Shields
   271 | D        | Reached skill level 5 in Short Blades
   280 | D        | Reached skill level 21 in Stealth
   344 | D        | Noticed an oklob plant
   347 | D        | Killed an oklob plant
   361 | D        | Noticed a burning bush
   363 | D        | Identified the +2 broad axe of the Shimmering Eel {holy,
                  | rPois Int+4}
   364 | D        | Killed a burning bush
   365 | D        | Reached XP level 9. HP: 47/47 MP: 8/10
   422 | D        | Noticed a burning bush
   422 | D        | Noticed an oklob plant
   423 | D        | Noticed a wandering mushroom
   424 | D        | Killed a burning bush
   425 | D        | Reached skill level 22 in Stealth
   429 | D        | Killed an oklob plant
   436 | D        | Killed a wandering mushroom
   437 | D        | Reached skill level 23 in Stealth
   510 | D        | Noticed a spriggan druid
   512 | D        | Killed a spriggan druid
   689 | D        | Noticed an oklob plant conjurer
   690 | D        | Killed an oklob plant conjurer
   691 | D        | Reached skill level 10 in Dodging
   691 | D        | Reached skill level 10 in Evocations
   758 | D        | Noticed an oklob plant
   758 | D        | Noticed an oklob plant summoner
   759 | D        | Noticed an oklob plant shifter
   763 | D        | Killed an oklob plant
   764 | D        | Reached skill level 24 in Stealth
   764 | D        | Reached XP level 10. HP: 53/53 MP: 8/11
   765 | D        | Killed an oklob plant summoner
   771 | D        | Killed an oklob plant shifter
   830 | D        | Noticed a spriggan rider
   831 | D        | Found Toafumunn's Assorted Antiques.
   862 | D        | Found Zienob's Weapon Shoppe.
   883 | D        | Learned a level 1 spell: Pain
   889 | D        | Learned a level 5 spell: Agony
   909 | D        | Noticed Agnes
   911 | D        | Found Xosamit's Distillery.
   911 | D        | Noticed a spriggan berserker
   913 | D        | Found Zeddeff's Antique Armour Shoppe.
   915 | D        | Killed Agnes
   916 | D        | Reached skill level 25 in Stealth
   920 | D        | Killed a spriggan berserker
   921 | D        | Reached skill level 5 in Shields
   927 | D        | Noticed a spriggan defender
   934 | D        | Killed a spriggan defender
   935 | D        | Reached XP level 11. HP: 58/58 MP: 11/17
   946 | D        | Bought a potion of brilliance for 40 gold pieces
   946 | D        | Bought 2 potions of heal wounds for 100 gold pieces
   946 | D        | Bought a potion of might for 40 gold pieces
   948 | D        | Bought an embroidered scarf for 160 gold pieces
  1025 | D        | Noticed a spriggan rider
  1052 | D        | Reached skill level 26 in Stealth
  1144 | D        | Noticed a ghost moth
  1145 | D        | Found Ripi's Weapon Emporium.
  1145 | D        | Found Ymnun Taci's Antique Weapon Boutique.
  1145 | D        | Found Liewub's Jewellery Shoppe.
  1159 | D        | Killed a ghost moth
  1172 | D        | Bought a +6 dagger of venom for 412 gold pieces
  1175 | D        | Bought a +4 ring of protection for 360 gold pieces
  1235 | D        | Noticed an oklob plant meteorologist
  1236 | D        | Noticed an oklob plant shifter
  1240 | D        | Killed an oklob plant meteorologist
  1250 | D        | Killed an oklob plant shifter
  1251 | D        | Reached skill level 5 in Spellcasting
  1334 | D        | Noticed a spriggan rider
  1342 | D        | Killed a spriggan rider
  1390 | D        | Found Lywan's Book Shoppe.
  1390 | D        | Found Zojuint's Antique Weapon Boutique.
  1390 | D        | Found Uhusuiku's Antique Weapon Shop.
  1390 | D        | Found Taofeaxe's Armour Emporium.
  1390 | D        | Found Ebbuowk's Antique Armour Shoppe.
  1391 | D        | Found Qiyllet's Antique Armour Emporium.
  1391 | D        | Found Upnuehoa's Weapon Shop.
  1391 | D        | Found Ocwonn's Antique Armour Boutique.
  1412 | D        | Bought a runed hat for 168 gold pieces
  1412 | D        | Bought the +4 moon troll leather armour {Spirit, Regen++
                  | MP+5} for 1308 gold pieces
  1412 | D        | Found the +4 moon troll leather armour {Spirit, Regen++
                  | MP+5}
  1428 | D        | Bought an embroidered cloak for 180 gold pieces
  1462 | D        | Noticed an oklob plant summoner
  1463 | D        | Found Ideu's General Store.
  1464 | D        | Found Sebriroits's Armour Shop.
  1469 | D        | Killed an oklob plant summoner
  1473 | D        | Bought a scroll of identify for 22 gold pieces
  1476 | D        | Bought a +0 buckler of protection for 126 gold pieces
  1538 | D        | Noticed an oklob plant demonologist
  1538 | D        | Noticed an oklob plant annihilator
  1539 | D        | Noticed a spriggan berserker
  1545 | D        | Killed an oklob plant demonologist
  1547 | D        | Killed a spriggan berserker
  1548 | D        | Reached skill level 1 in Armour
  1551 | D        | Killed an oklob plant annihilator
  1552 | D        | Reached skill level 15 in Evocations
  1566 | D        | Identified the amulet of Violy {Reflect rN+ Will++ SH+5}
  1653 | D        | Noticed an oklob plant
  1653 | D        | Noticed an oklob plant
  1653 | D        | Noticed an oklob plant
  1653 | D        | Noticed an oklob plant
  1653 | D        | Noticed an oklob plant
  1653 | D        | Noticed an oklob plant
  1654 | D        | Noticed an oklob plant
  1655 | D        | Killed an oklob plant
  1656 | D        | Reached skill level 27 in Stealth
  1656 | D        | Noticed an oklob plant
  1657 | D        | Killed an oklob plant
  1658 | D        | Reached skill level 5 in Necromancy
  1658 | D        | Noticed an oklob plant
  1659 | D        | Killed an oklob plant
  1660 | D        | Noticed an oklob plant
  1661 | D        | Killed an oklob plant
  1662 | D        | Reached XP level 12. HP: 64/64 MP: 23/23
  1765 | D        | Noticed a spriggan defender
  1765 | D        | Noticed a spriggan defender
  1785 | D        | Slain by a spriggan defender

Illustrated notes

Levels and vault maps discovered:
D:        dungeon_sprint_fedhas [sprint_temple]

Skill      XL: |  1  2  3  4  5  6  7  8  9 10 11 12 |
---------------+-------------------------------------+-----
Dodging        | 2 3 4 5 7 8 10 11 12 13 | 13.2
Stealth        | 8 10 12 13 15 19 20 21 24 25 27 | 27.0
Fighting       | 2 3 4 5 6 7 8 |  8.2
Short Blades   | 3 4 5 6 7 8 |  8.2
Evocations     | 2 3 5 6 8 10 13 15 16 | 16.7
Throwing       | 3 4 |  4.0
Shields        | 2 4 5 6 |  6.8
Spellcasting   | 3 6 8 |  8.0
Necromancy     | 2 5 6 |  6.1
Armour         | 2 3 |  3.4

Action                   |  1- 3 |  4- 6 |  7- 9 | 10-12 || total
-------------------------+-------+-------+-------+-------++-------
Melee: Dagger            |     5 |    11 |    37 |    83 ||   136
Throw: Dart              |       |       |       |     6 ||     6
 Abil: Evoke Invisibilit |       |     3 |     6 |    10 ||    19
Evoke: Wand              |       |       |       |     5 ||     5
       Box of beasts     |       |       |       |     1 ||     1
  Use: Scroll            |       |       |     6 |     1 ||     7
       Potion            |       |       |       |     2 ||     2
 Stab: Sleeping          |     3 |     6 |    11 |    25 ||    45
       Invisible         |       |     1 |     7 |     6 ||    14
Armor: Robe              |       |       |     1 |     2 ||     3
       Troll leather arm |       |       |       |     1 ||     1
Dodge: Dodged            |     1 |       |    21 |    19 ||    41
Block: Buckler           |       |       |     3 |    10 ||    13
